 Dungeon Crawl Stone Soup version 0.23.2-30-g0e89c35649 (webtiles) character file.

Game seed: 14475550010885051764

935 Danqa the Covert (level 7, 0/35 HPs)
             Began as a Spriggan Assassin on June 24, 2019.
             Was a Follower of Wu Jian.
             Splashed by a jelly's acid (8 damage)
             ... on level 5 of the Dungeon.
             The game lasted 00:10:50 (4932 turns).

Danqa the Covert (Spriggan Assassin)                Turns: 4932, Time: 00:10:51

Health: 0/35       AC: -5    Str:  7    XL:     7   Next: 87%
Magic:  8/8        EV: 20    Int: 12    God:    Wu Jian [*.....]
Gold:   186        SH:  0    Dex: 20    Spells: 6/6 levels left

rFire    . . .     SeeInvis +   a - +2 dagger
rCold    . . .     Gourm    .   (shield restricted)
rNeg     . . .     Faith    .   c - +0 robe
rPois    .         Spirit   .   (helmet restricted)
rElec    .         Reflect  .   d - +0 cloak
rCorr    .         Harm     .   (gloves unavailable)
MR       +....                  (boots unavailable)
Stlth    +++++.....             (no amulet)
HPRegen  0.11/turn              (no ring)
MPRegen  0.11/turn              (no ring)

@: corroded, very quick
A: very small, unfitting armour, see invisible, herbivore, speed 3, slow
metabolism 2
a: Renounce Religion


You were on level 5 of the Dungeon.
You worshipped Wu Jian.
Wu Jian was aware of your devotion.
You were not hungry.

You visited 1 branch of the dungeon, and saw 5 of its levels.

You collected 186 gold pieces.

Inventory:

Hand Weapons
 a - a +2 dagger (weapon)
 b - a +0 blowgun
 l - a +1 dagger of venom
Missiles
 e - 8 poisoned needles
 f - 2 curare-tipped needles
Armour
 c - a +0 robe (worn)
 d - a +0 cloak (worn)
Jewellery
 w - an uncursed ring of magical power {unknown}
Wands
 r - a wand of polymorph (3)
Scrolls
 i - 3 scrolls of remove curse {unknown}
 n - 3 scrolls of identify {unknown}
 o - a scroll of noise {unknown}
 p - a scroll of blinking {unknown}
 q - 2 scrolls of teleportation {unknown}
 s - a scroll of amnesia {unknown}
 t - 2 scrolls of immolation {unknown}
 u - a scroll of fear {unknown}
 x - 2 scrolls of enchant armour {unknown}
Potions
 h - a potion of agility {unknown}
 j - 4 potions of curing
 k - a potion of flight {unknown}
 m - 2 potions of heal wounds {unknown}
 v - a potion of brilliance {unknown}
Comestibles
 g - 11 rations


   Skills:
 + Level 2.6 Fighting
 + Level 5.5 Short Blades
 + Level 2.2 Throwing
 + Level 4.5 Dodging
 + Level 11.4 Stealth


You had 6 spell levels left.
You didn't know any spells.
Your spell library was empty.

Dungeon Overview and Level Annotations

Branches:
Dungeon (5/15)
 Temple: D:4-7

Altars:
Gozag
Sif Muna
Trog
Wu Jian
Xom

Shops:
D:4 [


Innate Abilities, Weirdness & Mutations

You are very small and have problems with some larger weapons.
You are too small for most types of armour.
You have supernaturally acute eyesight. (SInv)
You are a herbivore.
You cover ground extremely quickly.
You need to consume almost no food.


Message History

There is a stone staircase leading up here.
You hit the jelly.
Your hands burn!
The jelly is moderately wounded.
The jelly closely misses you.
You hit the jelly. The acid corrodes you!
Your hands burn!
The jelly is heavily wounded.
You hit the jelly but do no damage.
Your hands burn!
The jelly is heavily wounded.
The jelly hits you.
You are splashed with acid!
You are too injured to fight recklessly!
You are too injured to fight recklessly!
You hit the jelly but do no damage.
Your hands burn!
The jelly is heavily wounded.
The jelly misses you.
You hit the jelly but do no damage. The acid corrodes you!
Your hands burn!
The jelly is heavily wounded.
The jelly hits you.
* * * LOW HITPOINT WARNING * * *
You are splashed with acid!
You die...

....#######..#####......... #.###
.##..)##(............###### #.#
....#..[..##.#.(..#### #.##
......##..#....##..# #..##
.........##>..####.### ##..#
.###..)......## #...## ##.# .#
##....#...### ###..## #.. .#
#..#..#....######..#########. ##
#.###....#..@.# ##........##. #
#..........##J## ########....
#####..###...#..#..# #######.
..........(#.##..#5######.....###
#.........##..##......##.......##
#.........###...####............#
###############.# #.##.........#
##########.(....# #............#
...........###### ####J[.......#


You could see a jelly and a shadow imp.

Vanquished Creatures
  Grinder (D:3)
  An ice beast (D:5)
  A necrophage (D:5)
  2 centaurs (D:5)
  A bullfrog (D:4)
  A bullfrog zombie (D:5)
  A centaur zombie (D:5)
  2 hounds
  An orc wizard (D:2)
  2 worker ants (D:5)
  A worker ant zombie (D:5)
  2 adders (D:4)
  A shadow imp (D:5)
  An ooze (D:3)
  4 worms
  A dart slug (D:2)
  3 leopard geckos
  8 orcs
  A giant cockroach (D:1)
  4 goblins
  7 hobgoblins
  3 jackals (D:3)
  7 kobolds
  3 quokkas
  6 bats
  9 frilled lizards
  A giant cockroach zombie (D:5)
  A quokka zombie (D:5)
  25 rats
101 creatures vanquished.

Notes
Turn   | Place    | Note
-------+----------+-------------------------------------------
     0 | D:1      | Danqa the Spriggan Assassin began the quest for the Orb.
     0 | D:1      | Reached XP level 1. HP: 10/10 MP: 2/2
    27 | D:1      | Reached skill level 6 in Stealth
   156 | D:1      | Reached XP level 2. HP: 14/14 MP: 3/3
   831 | D:2      | Reached skill level 7 in Stealth
   836 | D:2      | Reached XP level 3. HP: 16/18 MP: 4/4
  1048 | D:2      | Reached XP level 4. HP: 11/23 MP: 5/5
  1256 | D:2      | Found an ornate altar of the Wu Jian Council.
  1544 | D:3      | Noticed Grinder
  1757 | D:2      | Became a worshipper of the Wu Jian Council
  1861 | D:3      | Found a bloodstained altar of Trog.
  1862 | D:3      | Noticed a moth of wrath
  1943 | D:3      | Reached skill level 8 in Stealth
  1953 | D:3      | Paralysed by Grinder for 2 turns
  1964 | D:3      | Paralysed by Grinder for 5 turns
  1965 | D:3      | Killed Grinder
  1965 | D:3      | Reached skill level 9 in Stealth
  1965 | D:3      | Reached XP level 5. HP: 15/26 MP: 6/6
  1965 | D:3      | Reached XP level 6. HP: 17/30 MP: 7/7
  2309 | D:3      | Found an opulent altar of Gozag.
  2309 | D:3      | Found a deep blue altar of Sif Muna.
  2514 | D:3      | Found a shimmering altar of Xom.
  2817 | D:4      | Found Fidus's Antique Armour Boutique.
  2928 | D:4      | Reached * piety under Wu Jian
  2959 | D:4      | Reached skill level 10 in Stealth
  3272 | D:5      | Entered Level 5 of the Dungeon
  3383 | D:5      | Reached XP level 7. HP: 33/35 MP: 8/8
  3646 | D:5      | Reached skill level 11 in Stealth
  3751 | D:5      | Reached skill level 5 in Short Blades
  4932 | D:5      | Splashed by a jelly's acid

Skill      XL: |  1  2  3  4  5  6  7 |
---------------+----------------------+-----
Stealth        | 6 7 9 10 11 | 11.4
Dodging        | 2 3 4 |  4.5
Short Blades   | 3 4 5 |  5.5
Fighting       | 2 |  2.6
Throwing       | |  2.2

Action                   |  1- 3 |  4- 6 |  7- 9 || total
-------------------------+-------+-------+-------++-------
Melee: Dagger            |    71 |   163 |   123 ||   357
 Fire: Blowgun           |       |     1 |     3 ||     4
Invok: Lunge             |       |    10 |     8 ||    18
       Whirlwind         |       |       |     7 ||     7
  Use: Potion            |     1 |       |       ||     1
 Stab: Sleeping          |    13 |    15 |     6 ||    34
       Distracted        |     1 |       |       ||     1
  Eat: Ration            |       |       |     1 ||     1
Armor: Robe              |     6 |    15 |     2 ||    23
Dodge: Dodged            |    30 |    94 |    76 ||   200
